 Seeded DCSS version 0.30.1-9-gdf580d7c3d (webtiles) character file.

Game seed: 12433357809668474594 (custom seed)

87302 Psyclone the Eclecticist (level 15, -15/95 HPs)
             Began as a Deep Elf Conjurer on Oct 2, 2023.
             Was a Believer of Ashenzari.
             Demolished by an orc knight
             ... wielding a +0 great sword
              (38 damage)
             ... on level 2 of the Orcish Mines.
             The game lasted 01:37:47 (26594 turns).

Psyclone the Eclecticist (Deep Elf Conjurer)       Turns: 26594, Time: 01:37:48

Health: -15/95     AC: 10    Str:  4    XL:     15   Next: 43%
Magic:  24/48      EV: 16    Int: 37    God:    Ashenzari [**....]
Gold:   443        SH:  0    Dex: 13    Spells: 20/50 levels left

rFire   + + .        a - +3 Elemental Staff {rElec rF+ rC+ AC+3, Elem, Self} (curse)
rCold   + + .        (no shield)
rNeg    + . .        c - +0 steam dragon scales
rPois   +            d - -2 hat of the Alchemist {rElec rPois rF+ rC+ rN+ Will+ rMut rCorr, Self, Bglg} (curse)
rElec   +            e - +0 cloak
rCorr   +            f - +2 pair of gloves
SInv    +            (no boots)
Will    ++...        h - amulet "I Knew You'd Do That" {Acrobat, Alch, Elem} (curse)
Stlth   ++           i - ring of magical power
HPRegen 0.35/turn    j - +6 ring of intelligence
MPRegen 0.31/turn

%: acrobat, resist mutation
@: no status effects
A: no striking features
a: Renounce Religion, Curse Item, Shatter the Chains


You were on level 2 of the Orcish Mines.
You worshipped Ashenzari.
Ashenzari was pleased with you.
You visited 3 branches of the dungeon, and saw 20 of its levels.
You also visited: Ice Cave and Volcano.

You collected 2253 gold pieces.
You spent 1810 gold pieces at shops.

Inventory:

Hand Weapons
 a - the cursed +3 Elemental Staff (weapon) {rElec rF+ rC+ AC+3, Elem, Self}
   (You acquired it on level 1 of the Dungeon)

   It enhances your fire, ice, earth and air magic.
   AC:        It affects your AC (+3).
   rF:        It protects you from fire.
   rC:        It protects you from cold.
   rElec:     It insulates you from electricity.
   It has a curse which improves the following skills: Elements: Fire Magic, Ice
   Magic, Air Magic and Earth Magic.
   Introspection: Fighting and Spellcasting.
Armour
 c - +0 steam dragon scales (worn)
 d - the cursed -2 hat of the Alchemist (worn) {rElec rPois rF+ rC+ rN+ Will+ rMut rCorr, Self, Bglg}
   (You acquired it on level 1 of the Dungeon)

   rF:        It protects you from fire.
   rC:        It protects you from cold.
   rElec:     It insulates you from electricity.
   rPois:     It protects you from poison.
   rN:        It protects you from negative energy.
   rCorr:     It protects you from acid and corrosion.
   rMut:      It protects you from mutation.
   Will:      It increases your willpower.
   It has a curse which improves the following skills: Introspection: Fighting
   and Spellcasting.
   Beguiling: Conjurations, Hexes and Translocations.
 e - a +0 cloak (worn)
 f - a +2 pair of gloves (worn)
 N - a +2 robe of willpower
Jewellery
 h - the cursed amulet "I Knew You'd Do That" (around neck) {Acrobat, Alch, Elem}
   (You found it on level 2 of the Dungeon)

   [amulet of the acrobat]

   It increases your evasion while moving and waiting.
   It has a curse which improves the following skills: Alchemy: Poison Magic and
   Transmutations.
   Elements:  Fire Magic, Ice Magic, Air Magic and Earth Magic.
 i - a ring of magical power (left hand)
 j - a +6 ring of intelligence (right hand)
Wands
 k - a wand of light (3)
 t - a wand of digging (10)
 w - a wand of iceblast (13)
 B - a wand of mindburst (3)
 D - a wand of polymorph (8)
 K - a wand of paralysis (1)
 M - a wand of flame (4)
Scrolls
 m - 5 scrolls of teleportation
 n - 4 scrolls of enchant armour
 p - 5 scrolls of fog
 q - 3 scrolls of brand weapon
 r - 5 scrolls of poison
 x - 2 scrolls of immolation
 y - 3 scrolls of amnesia
 z - 2 scrolls of vulnerability
 C - 2 scrolls of magic mapping
 E - a scroll of enchant weapon
 F - 3 scrolls of fear
Potions
 b - 2 potions of resistance
 g - a potion of ambrosia
 l - 5 potions of might
 o - 3 potions of berserk rage
 u - 9 potions of curing
 v - 2 potions of haste
 A - 2 potions of flight
 G - 4 potions of heal wounds
 H - 3 potions of brilliance
 I - 3 potions of lignification
 J - a potion of magic
Miscellaneous
 s - a phantom mirror
 L - a box of beasts


   Skills:
 - Level 9.9(11.6) Fighting
 - Level 10.0 Dodging
 - Level 2.6 Stealth
 - Level 16.4(18.0) Spellcasting
 - Level 13.9(15.0) Conjurations
 - Level 10.0(11.1) Hexes
 - Level 10.9(12.0) Transmutations
 + Level 4.6(6.2) Fire Magic
 - Level 11.2(12.9) Air Magic


You had 20 spell levels left.
You knew the following spells:

 Your Spells              Type           Power      Damage    Failure   Level
a - Magic Dart            Conj           100%       1d8       0%          1
b - Searing Ray           Conj           100%       2d8       0%          2
c - Arcjolt               Conj/Air       58%        1d68      1%          5
d - Fulminant Prism       Conj/Hex       46%        3d21      1%          4
e - Iskenderun's Mystic   Conj/Tloc      73%        2d15      1%          4
p - Passage of Golubria   Tloc           34%        N/A       9%          4
q - Blink                 Tloc           68%        N/A       1%          2
r - Swiftness             Air            100%       N/A       0%          3
x - Irradiate             Conj/Tmut      46%        3d27      1%          5

Your spell library contained the following spells:

 Spells                   Type           Power      Damage    Failure   Level
 Beastly Appendage        Tmut           100%       N/A       0%          1
 Shock                    Conj/Air       100%       1d9       0%          1
 Wereblood                Tmut           89%        N/A       0%          2
 Dazzling Flash           Conj/Hex       100%       N/A       0%          3
 Kiss of Death            Conj/Necr      100%       2d13      1%          1
 Scorch                   Fire           100%       2d9       1%          2
 Confusing Touch          Hex            86%        N/A       1%          3
 Spider Form              Tmut/Pois      67%        N/A       1%          3
 Vhi's Electric Charge    Tloc/Air       100%       N/A       1%          3
 Airstrike                Air            57%        2d(9-25)  1%          4
 Flame Wave               Conj/Fire      100%       2d21      1%          4
 Silence                  Hex/Air        55%        N/A       1%          5
 Storm Form               Tmut/Air       56%        N/A       4%          7
 Dragon Form              Tmut           44%        N/A       6%          7
 Manifold Assault         Tloc           34%        N/A       9%          4
 Dispel Undead            Necr           33%        3d14      10%         4
 Eringya's Noxious Bog    Tmut/Pois      33%        N/A       12%         6
 Maxwell's Capacitive Co  Air            57%        ∞         30%         8
 Summon Cactus Giant      Summ           16%        N/A       82%         6
 Lehudib's Crystal Spear  Conj/Erth      47%        10d11     95%         8
 Chain Lightning          Conj/Air       58%        3d78      97%         9
 Fire Storm               Conj/Fire      53%        8d13      100%        9
 Shatter                  Erth           25%        3d22*     100%        9


Dungeon Overview and Level Annotations

Branches:
Dungeon (13/15) Zot: 25582  Temple (0/1) D:5            Lair (5/5) D:10 Zot: 20472
  Swamp (0/4) Lair:2        Snake (0/4) Lair:3        Slime (0/5) Lair:4
    Orc (2/2) D:10 Zot: 10686     Elf (0/3) Orc:2         IceCv (visited)
Volcano (visited)
 Vaults: D:13-14

Altars:
Ashenzari
Cheibriados
Elyvilon
Kikubaaqudgha
Makhleb
Okawaru
Qazlal
Wu Jian
Zin
Jiyva

Shops:
D:2 (   D:3 !   D:9 *   D:12 :   Orc:2 *:

Portals:
Hell: Lair:5
Trove: D:11 (give +5 demon trident)

Annotations:
D:9 3 runed translucent doors, boopmooplesden's ghost, novice MiGl
D:11 3 runed translucent doors, 1 exclusion, Psyclone's ghost, journeyman DEAE
D:13 exclusion: upstairs


Message History

The sixfirhy disappears in a puff of smoke!
The orc knight is struck by an electric surge!
The orc knight is severely wounded.
The orc knight is struck by an electric surge!!
The orc knight is heavily wounded.
The orc knight is struck by an electric surge!!
The orc knight is almost dead.
The orc knight is struck by an electric surge!!
The orc knight is heavily wounded.
The orc knight hits you with a +0 broad axe!
* * * LOW HITPOINT WARNING * * *
You take 9 damage, and have 22/95 hp.
You now have 38/48 mp.
Casting: Arcjolt (safe; 1% risk of failure)
Confirm with . or Enter, or press ? or * to list all spells.
You feel a surge of power!
Electricity surges outward!
The orc knight is struck by an electric surge!!!
You kill the orc knight!
The orc knight is struck by an electric surge!!!
You kill the orc knight!
The orc knight is struck by an electric surge!
The orc knight is almost dead.
The orc knight is struck by an electric surge!!!
You kill the orc knight!
The orc knight roars a battlecry!
The orc knight goes into a battle-frenzy!
Your base Fire Magic skill increases to level 4!
You now have 34/48 mp.
Casting: Arcjolt (safe; 1% risk of failure)
Confirm with . or Enter, or press ? or * to list all spells.
You feel a surge of power!
Electricity surges outward!
The orc knight is struck by an electric surge!!!
You kill the orc knight!
You now have 29/48 mp.
Casting: Arcjolt (safe; 1% risk of failure)
Confirm with . or Enter, or press ? or * to list all spells.
You feel a surge of power!
Electricity surges outward!
The orc knight is struck by an electric surge.
The orc knight is lightly wounded.
The orc knight hits you with a +0 great sword!!!
You die...

#..##.).........###^.#
, #+####...###...##
##.# , , * ###########
#''# * , * , ,
##...######..###,
****,
,,###.....#...#....+ ,
* ,+.'.....'...'....+,
* , , #..)..#...######
*, ##o))###### ** * *
, *#.@)# , , , *
#..)..# * * , #.....#
* #∩...∩# ##._.##
#####


You could see an orc knight (strong).

Vanquished Creatures
  Gastronok (D:12)
  Frances (D:12)
  A frost giant (IceCv)
  Nessos (Lair:3)
  2 hydras (Lair:5)
  2 boulder beetles
  2 catoblepae
  An ogre mage (Orc:2)
  13 death yaks
  7 two-headed ogres
  An orc high priest (Orc:2)
  Urug (D:12)
  Lodul (D:12)
  2 fire crabs
  Amaemon (Lair:1)
  A sixfirhy (Lair:5)
  5 skysharks
  2 lindwurms (Volcano)
  A wizard (Lair:5)
  7 orc knights
  A cyclops (D:12)
  An ugly thing (IceCv)
  A manticore (D:12)
  2 orc sorcerers (Orc:2)
  An elephant (Lair:2)
  A toenail golem (Volcano)
  Maurice (D:9)
  An ice statue (IceCv)
  4 black mambas
  A molten gargoyle (Volcano)
  2 gargoyles
  2 orange demons
  6 cane toads
  A torpor snail (Lair:5)
  8 rime drakes
  2 kobold demonologists (D:12)
  An unseen horror (D:10)
  8 komodo dragons
  3 efreet (Volcano)
  A queen bee (Lair:2)
  3 ice devils (Lair:5)
  11 polar bears
  2 red devils (Lair:5)
  9 trolls
  3 hornets
  7 saltlings (Orc:2)
  A hellwing (Lair:5)
  18 blink frogs
  A wraith (D:12)
  2 shadows
  9 wyverns
  7 basilisks
  A vampire (D:12)
  4 fire elementals (Volcano)
  89 yaks
  A steam dragon (D:7)
  7 vampire mosquitoes (D:11)
  3 wargs
  A naga (Lair:3)
  3 hell hounds (Lair:5)
  18 water moccasins
  19 orc warriors
  2 ice beasts
  3 black bears
  20 ogres
  4 centaurs
  40 wolves
  A phantom (D:5)
  5 kobold brigands
  10 bullfrogs
  An earth elemental (Volcano)
  3 gnoll sergeants
  2 scorpions
  5 wights (D:7)
  43 killer bees
  7 howler monkeys
  A jelly (D:6)
  6 orc priests
  2 gnoll boudas
  2 hounds
  2 sleepcaps (D:5)
  4 iguanas
  17 orc wizards
  5 hell rats (Lair:3)
  17 gnolls
  6 adders
  4 river rats (Lair:2)
  A shadow imp (D:6)
  13 white imps
  An ufetubus (D:6)
  4 worms
  2 dart slugs
  68 orcs
  9 endoplasms
  5 giant cockroaches
  3 goblins
  3 hobgoblins
  4 jackals (D:1)
  4 kobolds
  7 quokkas
  2 ball pythons (D:1)
  4 bats
  4 frilled lizards
  6 rats
  A fire vortex (Volcano)
673 creatures vanquished.

Vanquished Creatures (others)
  An orc wizard (D:4)
  A quokka (D:9)
  2 fire vortices (Volcano)
  194 fulminant prisms
198 creatures vanquished.

Grand Total: 871 creatures vanquished

Notes
Turn   | Place    | Note
-------+----------+-------------------------------------------
     0 | D:1      | Psyclone the Deep Elf Conjurer began the quest for the Orb.
     0 | D:1      | Reached XP level 1. HP: 10/10 MP: 6/6
   183 | D:1      | Identified a scroll of acquirement
   183 | D:1      | Acquired the +3 Elemental Staff {rElec rF+ rC+ AC+3}
   183 | D:1      | Found the +3 Elemental Staff {rElec rF+ rC+ AC+3}
   303 | D:1      | Acquired the -2 hat of the Alchemist {rElec rPois rF+ rC+
                  | rN+ Will+ rMut rCorr}
   303 | D:1      | Found the -2 hat of the Alchemist {rElec rPois rF+ rC+ rN+
                  | Will+ rMut rCorr}
   428 | D:1      | Reached XP level 2. HP: 15/15 MP: 6/8
   652 | D:1      | Learned a level 2 spell: Searing Ray
  1198 | D:2      | Reached XP level 3. HP: 19/19 MP: 8/10
  1317 | D:2      | Found a broken altar of Ashenzari.
  1400 | D:2      | Reached skill level 4 in Spellcasting
  1580 | D:2      | Became a worshipper of Ashenzari the Shackled
  1599 | D:2      | Reached skill level 5 in Conjurations
  1643 | D:2      | Found Saih's Weapon Shop.
  2507 | D:3      | Reached XP level 4. HP: 24/24 MP: 9/12
  2727 | D:3      | Found a faded altar of an unknown god.
  2815 | D:3      | Reached skill level 5 in Spellcasting
  2875 | D:3      | Found an ancient bone altar of Kikubaaqudgha.
  2939 | D:3      | Found Vinetoh's Distillery.
  2943 | D:3      | Bought a potion of degeneration for 10 gold pieces
  3097 | D:4      | Noticed an ice beast
  3141 | D:4      | Reached XP level 5. HP: 18/28 MP: 1/15
  3266 | D:4      | Learned a level 4 spell: Fulminant Prism
  3299 | D:4      | Reached skill level 1 in Hexes
  3485 | D:4      | Killed an ice beast
  3486 | D:4      | Reached XP level 6. HP: 32/32 MP: 1/17
  4059 | D:4      | Found a broken altar of Ashenzari.
  4059 | D:4      | Found an ornate altar of the Wu Jian Council.
  4146 | D:5      | Entered Level 5 of the Dungeon
  4151 | D:5      | Reached skill level 6 in Spellcasting
  4407 | D:5      | Reached XP level 7. HP: 36/36 MP: 2/19
  4572 | D:5      | Reached skill level 5 in Hexes
  4615 | D:5      | Found a staircase to the Ecumenical Temple.
  5259 | D:6      | Reached skill level 7 in Spellcasting
  5335 | D:6      | Learned a level 2 spell: Blink
  5340 | D:6      | Learned a level 4 spell: Iskenderun's Mystic Blast
  6135 | D:6      | Found a snail-covered altar of Cheibriados.
  6230 | D:7      | Reached skill level 1 in Fighting
  6230 | D:7      | Reached XP level 8. HP: 43/43 MP: 15/22
  6817 | D:7      | Reached skill level 5 in Dodging
  7033 | D:7      | Found an iron altar of Okawaru.
  7516 | D:8      | Reached skill level 5 in Fighting
  7516 | D:8      | Reached XP level 9. HP: 47/54 MP: 19/23
  7865 | D:8      | Noticed a troll
  7894 | D:8      | Killed a troll
  8025 | D:8      | Found a glowing silver altar of Zin.
  8406 | D:9      | Found a runed translucent gate.
  8407 | D:9      | Found a runed translucent gate.
  8408 | D:9      | Noticed boopmooplesden's ghost (novice MiGl)
  8409 | D:9      | Found a runed translucent gate.
  8409 | D:9      | Noticed a ten-headed hydra
  8411 | D:9      | Noticed a two-headed ogre
  8423 | D:9      | Killed a two-headed ogre
  8594 | D:9      | Reached XP level 10. HP: 64/64 MP: 14/24
  8916 | D:9      | Noticed Maurice
  8939 | D:9      | Killed Maurice
  9123 | D:9      | Found Ilyfinot's Mass Market.
  9128 | D:9      | Found a white marble altar of Elyvilon.
  9367 | D:10     | Entered Level 10 of the Dungeon
 10020 | D:10     | Reached skill level 8 in Spellcasting
 10155 | D:10     | Reached skill level 9 in Spellcasting
 10155 | D:10     | Reached XP level 11. HP: 54/72 MP: 14/26
 10400 | D:10     | Found a staircase to the Orcish Mines.
 10617 | D:10     | Found a stormy altar of Qazlal.
 10653 | D:10     | Found a staircase to the Lair.
 10725 | D:11     | Found a portal to a secret trove of treasure.
 11223 | D:11     | Noticed a two-headed ogre
 11223 | D:11     | Noticed a two-headed ogre
 11237 | D:11     | Killed a two-headed ogre
 11238 | D:11     | Reached skill level 10 in Spellcasting
 11245 | D:11     | Killed a two-headed ogre
 11460 | D:11     | Reached * piety under Ashenzari
 11526 | D:11     | Found a runed translucent gate.
 11527 | D:11     | Found a runed translucent gate.
 11528 | D:11     | Noticed Psyclone's ghost (journeyman DEAE)
 11529 | D:11     | Found a runed translucent gate.
 11675 | D:12     | Noticed Gastronok
 11675 | D:12     | Noticed Urug
 11951 | D:12     | Found Niujyolu's Book Shoppe.
 11956 | D:12     | Noticed a boulder beetle
 12074 | D:12     | Killed Urug
 12212 | D:12     | Killed a boulder beetle
 12213 | D:12     | Reached skill level 10 in Dodging
 12436 | D:12     | Reached skill level 11 in Spellcasting
 12730 | D:12     | Reached XP level 12. HP: 66/80 MP: 14/30
 12737 | D:12     | Noticed Lodul
 12922 | Lair:1   | Entered Level 1 of the Lair of Beasts
 12957 | Lair:1   | Reached skill level 10 in Hexes
 13058 | D:12     | Bought Maxwell's Memoranda for 684 gold pieces
 13124 | Lair:1   | Learned a level 5 spell: Arcjolt
 13146 | Lair:1   | Reached skill level 1 in Air Magic
 13726 | Lair:1   | Noticed Amaemon
 13735 | Lair:1   | Killed Amaemon
 13747 | Lair:1   | Reached skill level 5 in Air Magic
 14466 | Lair:1   | Found the +0 pair of fencer's gloves {Riposte Dex+3}
 15132 | Lair:2   | Found a dark tunnel.
 15168 | Volcano  | Entered a volcano
 15361 | Volcano  | Reached skill level 10 in Air Magic
 15714 | Lair:2   | Reached skill level 10 in Conjurations
 15727 | Lair:2   | Reached XP level 13. HP: 65/84 MP: 16/31
 16858 | Lair:2   | Found a staircase to the Swamp.
 17349 | Lair:2   | Reached skill level 12 in Spellcasting
 18003 | Lair:3   | Found a staircase to the Snake Pit.
 18356 | Lair:3   | Found a frozen archway.
 18369 | IceCv    | Entered an ice cave
 18972 | IceCv    | Identified the +3 ring mail of the Countless Brambles
                  | {Dex+5}
 18981 | IceCv    | Reached skill level 13 in Spellcasting
 19550 | IceCv    | Noticed a frost giant
 19558 | IceCv    | Killed a frost giant
 19559 | IceCv    | Reached XP level 14. HP: 48/90 MP: 14/34
 19697 | IceCv    | Identified the Monograph on Reconstruction and
                  | Mortification
 19938 | Lair:3   | Noticed Nessos
 19942 | Lair:3   | Killed Nessos
 20530 | Lair:4   | Found a runed translucent door.
 20530 | Lair:4   | Found a viscous altar of Jiyva.
 20531 | Lair:4   | Found a staircase to the Slime Pits.
 21400 | Lair:4   | Reached ** piety under Ashenzari
 21511 | Lair:4   | Reached skill level 14 in Spellcasting
 21794 | Lair:5   | Entered Level 5 of the Lair of Beasts
 21807 | Lair:5   | Reached skill level 15 in Spellcasting
 22410 | Lair:5   | Reached skill level 16 in Spellcasting
 22618 | Lair:5   | Learned a level 5 spell: Irradiate
 22640 | Lair:5   | Reached skill level 1 in Transmutations
 23015 | Lair:5   | Reached skill level 5 in Transmutations
 23845 | Lair:5   | Found a burning altar of Makhleb.
 24017 | Lair:5   | Found a gateway to Hell.
 24238 | Orc:1    | Entered Level 1 of the Orcish Mines
 24481 | D:12     | Killed Gastronok
 24482 | D:12     | Reached XP level 15. HP: 54/95 MP: 28/39
 24792 | D:12     | Killed Lodul
 25003 | D:12     | Noticed Frances
 25013 | D:12     | Killed Frances
 25262 | D:12     | Bought a book of the Moon for 720 gold pieces
 25262 | D:12     | Bought a book of Air for 396 gold pieces
 25270 | D:12     | Learned a level 3 spell: Swiftness
 25275 | D:12     | Learned a level 4 spell: Passage of Golubria
 25392 | Orc:2    | Entered Level 2 of the Orcish Mines
 25497 | Orc:2    | Found a staircase to the Elven Halls.
 25593 | Orc:2    | Reached skill level 10 in Transmutations
 25749 | Orc:1    | Found a burning altar of Makhleb.
 26363 | Orc:2    | Reached skill level 1 in Fire Magic
 26586 | Orc:2    | Found Xer Jeru's General Store.
 26588 | Orc:2    | Found Riorghigu's Book Shoppe.
 26594 | Orc:2    | Demolished by an orc knight

Illustrated notes

Levels and vault maps discovered:
D:1:      lightli_iron_boxes, layout_basic, grunt_decor_clamped,
          nicolae_wormholes
D:2:      layout_basic, serial_shops, shop, basic_altar
D:3:      layout_basic, overflow_temple_1_default,
          ebering_ecumenical_altar_mist, serial_shops, shop,
          minmay_close_crescents
D:4:      layout_loops_cross, amethyst_overflow_temple_binary, bh_walls_and_bars
D:5:      layout_rooms, minmay_temple_entry_stoned_glass, serial_rivers,
          chequers_serial_rivers_micro_a, chequers_serial_rivers_micro_e,
          chequers_serial_rivers_small_b, chequers_serial_rivers_micro_a
D:6:      layout_loops_corners, slow_altar_2
D:7:      layout_loops_cross, okawaru_gym_becter
D:8:      layout_basic, mainiacjoe_overflow_surrounded_room
D:9:      layout_rooms, elyvilon_altar_4, gammafunk_ghost_hydra_chop,
          minmay_shop_mass, uniq_maurice
D:10:     layout_roguey, mainiacjoe_overflow_brackets,
          grunt_lair_entry_orc_guard_hut, kennysheep_orc_monster_closet_entryway
D:11:     layout_loops_cross, gammafunk_ghost_necromancy,
          nicolae_trove_entry_crossroad
D:12:     layout_cross, serial_shops, shop, uniq_gastronok, uniq_urug,
          uniq_lodul, uniq_frances
D:13:     layout_loops_ring, david_vaults_2, gammafunk_ghost_cemetery,
          trog_butcher_becter
Lair:1:   layout_regular_city, lemuel_fruit_tree, grunt_megastairs_2,
          infiniplex_staircase_pool, serial_bayou_shore_b, uniq_amaemon
Lair:2:   regret_index_tunnel_blossom, layout_hall_layers, swamp_mist,
          nicolae_volcano_entry_two_sided, chequers_serial_rivers_micro_b,
          minmay_stone_trees_small
Lair:3:   layout_roguey, guppyfry_snake_entry_garden,
          portal_ice_cave_entry_imps, uniq_nessos
Lair:4:   layout_small_grid, slime_entry_2
Lair:5:   evil_forest, layout_cave_pods, grunt_megastairs_4
Orc:1:    layout_diamond_mine, bloody_makhleb
Orc:2:    hellmonk_orc_salted, layout_caves, nicolae_orc_lost_temple

Skill      XL: |  1  2  3  4  5  6  7  8  9 10 11 12 13 14 15 |
---------------+----------------------------------------------+-----
Spellcasting   | 4 5 6 7 9 11 13 16 | 16.4
Conjurations   | 5 6 7 8 9 10 13 | 13.9
Hexes          | 2 4 5 7 9 10 | 10.0
Fighting       | 1 5 7 9 |  9.9
Dodging        | 5 8 10 | 10.0
Air Magic      | 10 11 | 11.2
Transmutations | 8 10 | 10.9
Fire Magic     | 4 |  4.6
Stealth        | |  2.6

Action                     |  1- 3 |  4- 6 |  7- 9 | 10-12 | 13-15 || total
---------------------------+-------+-------+-------+-------+-------++-------
  Melee: Staff             |       |       |     1 |     7 |    62 ||    70
   Cast: Magic Dart        |    72 |    42 |    48 |    29 |    71 ||   262
         Searing Ray       |     3 |    19 |    56 |    60 |    24 ||   162
         Fulminant Prism   |       |     4 |    12 |   131 |    48 ||   195
         Iskenderun's Myst |       |       |       |     5 |     6 ||    11
         Arcjolt           |       |       |       |     3 |   237 ||   240
         Passage of Golubr |       |       |       |       |     2 ||     2
 Invoke: Curse Item        |       |     1 |       |     1 |     1 ||     3
  Evoke: Wand              |       |       |       |       |     4 ||     4
    Use: Scroll            |     2 |       |       |     8 |     3 ||    13
         Potion            |       |       |       |     1 |     2 ||     3
 Armour: Robe              |     4 |     2 |    10 |       |       ||    16
         Steam dragon scal |       |       |     9 |    52 |    98 ||   159
         Skin              |       |       |       |       |     5 ||     5
  Dodge: Dodged            |     8 |    13 |    86 |   346 |   564 ||  1017
